 Dungeon Crawl Stone Soup version 0.27-a0-535-g7eaf864cf9 (webtiles) character file.

Game seed: 13835716476270382805

164 Morbidden the Sneak (level 5, 0/36 HPs)
             Began as an Octopode Brigand on Mar 6, 2021.
             Slain by an adder (1 damage)
             ... on level 3 of the Dungeon.
             The game lasted 00:02:45 (2507 turns).

Morbidden the Sneak (Octopode Brigand)              Turns: 2507, Time: 00:02:46

Health: 0/36       AC:  1    Str:  9 (11) XL:     5   Next: 45%
Magic:  5/5        EV: 13    Int: 11 (14) God:
Gold:   116        SH:  0    Dex: 12 (13) Spells: 4/4 levels left

rFire    . . .     SeeInvis .   a - +2 dagger
rCold    . . .     Faith    .   (no shield)
rNeg     . . .     Spirit   .   (helmet restricted)
rPois    .         Reflect  .   (no amulet)
rElec    .         Harm     .   (no ring)
rCorr    .         Rampage  .   (no ring)
Will     .....                  (no ring)
Stlth    ++++......             (no ring)
HPRegen  0.12/turn              (no ring)
MPRegen  0.09/turn              (no ring)
                                (no ring)
                                (no ring)

@: lethally poisoned (0 -> -4)
A: almost no armour, amphibious, 8 rings, constrict 8, camouflage 1, mutation
resistance 1, wild magic 1, gelatinous body 1, nimble swimmer 1
a: no special abilities


You were on level 3 of the Dungeon.
You visited 1 branch of the dungeon, and saw 3 of its levels.

You collected 116 gold pieces.

Inventory:

Hand Weapons
 a - a +2 dagger (weapon)
 n - a +0 short sword of draining
Missiles
 b - 8 poisoned darts (quivered)
 c - 2 curare-tipped darts
 e - 8 javelins
 l - 8 atropa-tipped darts
Scrolls
 g - a scroll of identify {unknown}
 h - a scroll of random uselessness {unknown}
 j - a scroll of magic mapping
 k - 2 scrolls of blinking {unknown}
 o - a scroll of fear {unknown}
Potions
 d - a potion of magic {unknown}
 f - a potion of brilliance {unknown}
 m - a potion of degeneration


   Skills:
 * Level 3.1 Fighting
 + Level 2.6 Short Blades
 + Level 2.2 Throwing
 * Level 2.2 Dodging
 + Level 7.1 Stealth


You had 4 spell levels left.
You didn't know any spells.
Your spell library contained the following spells:

 Spells                   Type           Power      Damage    Failure   Level
 Magic Dart               Conj           0%         1d3       43%         1
 Blink                    Tloc           N/A        N/A       56%         2
 Call Imp                 Summ           0%         N/A       56%         2
 Slow                     Hex            0%         N/A       56%         2
 Conjure Flame            Conj/Fire      0%         6-21      78%         3
 Mephitic Cloud           Conj/Pois/Air  0%         N/A       78%         3


Dungeon Overview and Level Annotations

Branches:
Dungeon (3/15)

Altars:
Ru


Innate Abilities, Weirdness & Mutations

You cannot wear most types of armour.
You are amphibious.
You can wear up to eight rings at the same time.
You can use your tentacles to constrict eight enemies at once.
Your skin changes colour to match your surroundings (Stealth+).
Your rubbery body absorbs attacks. (AC +1, EV +1)
You are stealthy while swimming. (Stealth+)
You are somewhat resistant to further mutation.
Your spells are a little harder to cast, but a little more powerful.


Message History

The orc shouts!
You hit the goblin. You grab the goblin. You squeeze the goblin.
You kill the goblin!
You hear a shout!
The adder closely misses you.
An orc comes into view. It is wielding a +0 dagger.
The adder closely misses you.
There is an open door here.
You see here a goblin corpse.
The adder bites you.
* * * LOW HITPOINT WARNING * * *
You are poisoned.
The adder poisons you!
You feel sick.
Unknown command.
Unknown command.
As you read the scroll labelled MUEPNUPSUA, it crumbles to dust.
You feel aware of your surroundings.
You sensed 1 shop/portal.
It was a scroll of magic mapping.
You feel sick. The bat barely misses you. The adder bites you.
* * * LOW HITPOINT WARNING * * *
Unknown command.
Unknown command.
Unknown command.
Unknown command.
It was a potion of degeneration.
There was something very wrong with that liquid.
You feel weakened.
You feel dopey.
You feel clumsy. The bat barely misses you. The bat hits you.
* * * LOW HITPOINT WARNING * * *
The adder bites you.
* * * LOW HITPOINT WARNING * * *
The bat barely misses you.
An orc priest comes into view. It is wielding a +0 dagger.
It was a potion of mutation.
You feel extremely strange.
You feel less in control of your magic.
You feel genetically stable. The bat misses you. The adder bites you.
* * * LOW HITPOINT WARNING * * *
The bat barely misses you. The adder bites you.
You die...

*******
#.....##.........##.!....
#############....##......
#....##......
##.........>..
***#########....(........
*,,#.......#.............
*,,#.......#.............
*,*###...####............
*,,#....@..#Z............
*,,#...#Sbb#)..o.........
*,,###+#g###)o...########
**,,,,,#oOoo.##### ######
*,,,*,#_#...# #.....
*,,,**###...# #.....
*,,,*,#.#...# #.....
**,,,,,#.....## ##....
*,,***+#+###).# #....


You could see an ogre, an orc priest (wandering), an adder, 4 orcs, an adder
zombie, a hobgoblin and 2 bats.

Vanquished Creatures
  Jessica (D:2)
  Terence (D:2)
  Natasha (D:2)
  An orc wizard (D:3)
  An ooze (D:2)
  A dart slug (D:2)
  An orc (D:3)
  3 giant cockroaches (D:1)
  7 goblins
  8 hobgoblins
  4 jackals (D:1)
  8 kobolds
  2 quokkas (D:2)
  A ball python (D:2)
  6 bats
  A frilled lizard (D:1)
  8 rats
55 creatures vanquished.

Notes
Turn   | Place    | Note
-------+----------+-------------------------------------------
     0 | D:1      | Morbidden the Octopode Brigand began the quest for the Orb.
     0 | D:1      | Reached XP level 1. HP: 14/14 MP: 1/1
   190 | D:1      | Reached XP level 2. HP: 19/19 MP: 2/2
   404 | D:1      | Reached XP level 3. HP: 23/25 MP: 3/3
   410 | D:1      | Reached skill level 6 in Stealth
  1241 | D:2      | Noticed Terence
  1294 | D:2      | Killed Terence
  1295 | D:2      | Reached XP level 4. HP: 3/30 MP: 4/4
  1605 | D:2      | Noticed Jessica
  1607 | D:2      | Noticed Natasha
  1609 | D:2      | Killed Jessica
  1616 | D:2      | Killed Natasha
  1617 | D:2      | Reached XP level 5. HP: 12/36 MP: 5/5
  2407 | D:3      | Found a sacrificial altar of Ru.
  2409 | D:3      | Noticed an ogre
  2415 | D:3      | Reached skill level 7 in Stealth
  2507 | D:3      | Gained mutation: Your spells are a little harder to cast,
                  | but a little more powerful. [potion of mutation]
  2507 | D:3      | Gained mutation: You are somewhat resistant to further
                  | mutation. [potion of mutation]
  2507 | D:3      | HP: 1/36 [adder (1)]
  2507 | D:3      | Slain by an adder

Illustrated notes

Levels and vault maps discovered:
D:1:      sevenhm_arrival_forest_fort_large_2, layout_basic, minmay_cut_off
D:2:      layout_basic, roderic_lattice_a, uniq_jessica, uniq_natasha,
          uniq_terence
D:3:      layout_basic, gup_sewer_entry_spiral, hangedman_ru_absence

Skill      XL: |  1  2  3  4  5 |
---------------+----------------+-----
Stealth        | 6 7 |  7.1
Dodging        | 2 |  2.2
Fighting       | 3 |  3.1
Short Blades   | |  2.6
Throwing       | |  2.2

Action                   |  1- 3 |  4- 6 || total
-------------------------+-------+-------++-------
Melee: Dagger            |    68 |    40 ||   108
       Constrict         |    13 |     7 ||    20
       Tentacles         |    11 |     6 ||    17
       Short sword       |     6 |       ||     6
Throw: Dart              |     8 |       ||     8
  Use: Potion            |       |     2 ||     2
       Scroll            |       |     1 ||     1
 Stab: Sleeping          |    11 |     6 ||    17
Armor: Skin              |     7 |    21 ||    28
Dodge: Dodged            |    54 |    86 ||   140

Table legend: (Time is in decaauts)
 A = Elapsed time spent in this place.
 B = Non-inter-level travel time spent in this place.
 C = Inter-level travel time spent in this place.
 D = Time resting spent in this place.
 E = Time spent auto-exploring this place.
 F = Levels seen in this place.
 G = Mean time per level.
                   A        B        C        D        E       F      G
               +--------+--------+--------+--------+--------+-----+--------+
         Total |   2493 |   2432 |     61 |      0 |   1978 |   3 |  831.0 |
       Dungeon |   2493 |   2432 |     61 |      0 |   1978 |   3 |  831.0 |
               +--------+--------+--------+--------+--------+-----+--------+

Top non-repeatable levels by time:
     D:2: 1575 daAuts
     D:1: 779 daAuts
     D:3: 138 daAuts
